 Dungeon Crawl Stone Soup version 0.25-a0-589-g1e14c549ee (webtiles) character file.

Game seed: 18008061436546252200, levelgen mode: deterministic

9467 Conn the Covert (level 11, -2/112 HPs)
             Began as an Octopode Wizard on Mar 11, 2020.
             Was a Priest of Sif Muna.
             Slain by a warg (9 damage)
             ... on level 2 of the Orcish Mines.
             The game lasted 00:58:49 (13194 turns).

Conn the Covert (Octopode Wizard)                  Turns: 13194, Time: 00:58:51

Health: -2/112     AC: 25    Str:  9    XL:     11   Next: 46%
Magic:  8/29       EV:  2    Int: 21    God:    Sif Muna [***...]
Gold:   535        SH:  0    Dex: 20    Spells: 7/22 levels left

rFire    . . .     SeeInvis .   a - +8 quarterstaff of Pikluo {freeze, *Noise Dex+9}
rCold    + . .     Gourm    .   (shield currently unavailable)
rNeg     + + +     Faith    .   (helmet currently unavailable)
rPois    +         Spirit   .   O - amulet of the acrobat
rElec    .         Reflect  .   D - ring of protection from magic
rCorr    .         Harm     .   C - ring of protection from cold
MR       +....     NoTele   +   u - +5 ring of evasion
Stlth    +++++.....             M - +1 ring of evasion
HPRegen  0.28/turn              U - ring of stealth
MPRegen  0.21/turn              S - ring of magical power
                                (no ring)
                                (no ring)

@: mighty, tree-form, very slightly contaminated, hasted, very quick
A: almost no armour, stealthy swim, (amphibious), 8 rings, (constrict 8)
a: Channel Magic, Forget Spell, Renounce Religion


You were on level 2 of the Orcish Mines.
You worshipped Sif Muna.
Sif Muna was most pleased with you.
You were not hungry.
You were a tree.
You visited 3 branches of the dungeon, and saw 13 of its levels.
You also visited: Sewer.

You collected 891 gold pieces.
You spent 356 gold pieces at shops.

Inventory:

Hand Weapons
 a - the +8 quarterstaff of Pikluo (weapon) {freeze, *Noise Dex+9}
   (You found it on level 6 of the Dungeon)

   It has been specially enchanted to freeze those struck by it, causing extra
   injury to most foes and up to half again as much damage against particularly
   susceptible opponents.
   It can also slow down cold-blooded creatures.
   It affects your dexterity (+9).
   It may make noises in combat.
 b - a +5 dagger of protection
 h - a +5 short sword
 j - a +4 quarterstaff of chaos
 w - a +0 hand crossbow
 K - a +4 shortbow
Missiles
 e - 32 poisoned darts
 q - 6 sling bullets
 H - 4 throwing nets (quivered)
 I - 102 arrows
Armour
 x - a +2 hat (melded)
 A - a +0 hat
 T - a +0 buckler
Magical Staves
 Q - an uncursed staff of energy
 Y - an uncursed staff of poison
Jewellery
 u - a +5 ring of evasion (on tentacle)
 C - a ring of protection from cold (right branch)
 D - a ring of protection from magic (left branch)
 M - a +1 ring of evasion (on tentacle)
 O - an amulet of the acrobat (around neck)
 S - a ring of magical power (on tentacle)
 U - a ring of stealth (on tentacle)
Wands
 E - a wand of polymorph (8)
 G - a wand of acid (8)
 N - a wand of paralysis (9)
 R - a wand of flame (21)
Scrolls
 i - 3 scrolls of magic mapping
 k - 12 scrolls of identify
 p - 4 scrolls of amnesia
 t - 2 scrolls of teleportation
 v - 6 scrolls of remove curse
 y - a scroll of fog
 P - 2 scrolls of enchant armour
 V - a scroll of enchant weapon
Potions
 d - a potion of magic
 f - a potion of cancellation {unknown}
 l - 3 potions of resistance {unknown}
 m - a potion of invisibility {unknown}
 n - a potion of might
 r - a potion of flight {unknown}
 s - 4 potions of stabbing
 F - a potion of haste
 J - 2 potions of degeneration {unknown}
 L - a potion of mutation {unknown}
 W - a potion of berserk rage {unknown}
Comestibles
 c - 14 rations


   Skills:
 * Level 7.0 Fighting
 + Level 5.7 Short Blades
 * Level 6.0 Staves
 + Level 0.8 Throwing
 + Level 5.2 Dodging
 - Level 8.0 Stealth
 + Level 6.0 Spellcasting
 * Level 7.3 Conjurations
 + Level 2.0 Summonings
 * Level 3.3 Translocations
 * Level 3.3 Fire Magic
 + Level 2.2 Air Magic
 + Level 1.6 Poison Magic
 * Level 3.5 Invocations


You had 7 spell levels left.
You knew the following spells:

 Your Spells              Type           Power        Failure   Level  Hunger
a - Magic Dart            Conj           ####         1%          1    None
b - Blink                 Tloc           N/A          3%          2    None
c - Call Imp              Summ           ##......     6%          2    None
d - Conjure Flame         Conj/Fire      ####....     3%          3    ##.....
e - Mephitic Cloud        Conj/Pois/Air  ###.....     6%          3    ##.....
f - Summon Small Mammal   Summ           ##..         4%          1    None
g - Inner Flame           Hex/Fire       ##......     14%         3    ##.....

Your spell library contained the following spells:

 Spells                   Type           Power        Failure   Level  Hunger
 Apportation              Tloc           ###...       2%          1    None
 Animate Skeleton         Necr           N/A          10%         1    None
 Corona                   Hex            #......      10%         1    None
 Slow                     Hex            #.......     14%         2    None
 Portal Projectile        Hex/Tloc       ##....       16%         3    ##.....
 Cause Fear               Hex            #.........   67%         4    ####...
 Leda's Liquefaction      Hex/Erth       #.........   67%         4    ####...


Dungeon Overview and Level Annotations

Branches:
Dungeon (10/15)            Temple (1/1) D:6             Orc (2/2) D:10
  Sewer (visited)
   Lair: D:8-11         Elf: Orc:2

Altars:
Ashenzari
Cheibriados
Gozag
Hepliaklqana
Kikubaaqudgha
Makhleb
Nemelex Xobeh
Okawaru
Sif Muna
Trog
Vehumet
Xom
Zin
The Shining One

Shops:
D:4 !   D:10 =

Annotations:
Orc:2 Nessos


Innate Abilities, Weirdness & Mutations

You cannot wear most types of armour.
You are very stealthy in the water. (Stealth+)
((You are amphibious.))
You can wear up to eight rings at the same time.
((You can use your tentacles to constrict eight enemies at once.))
((Your skin changes colour to match your surroundings (Stealth+).))
((Your rubbery body absorbs attacks. (AC +1, EV +1)))


Message History

Unknown command.
Casting: Mephitic Cloud (safe; 6% risk of failure)
Confirm with . or Enter, or press ? or * to list all spells.
Aiming: Mephitic Cloud (safe; 6% risk of failure)
Press: ? - help, Shift-Dir - straight line, f - orc warlord
Aim: an orc warlord, wielding a +0 great mace of protection and wearing a +0 chain mail The ball explodes into a vile cloud!
The stinking cloud engulfs the orc warlord but does no damage.
The stinking cloud engulfs the orc warrior but does no damage.
The orc warrior is heavily wounded.
The stinking cloud engulfs you but does no damage.
The stinking cloud engulfs the warg but does no damage.
You hear a shout!
Nessos hits you but does no damage.
The orc warlord is engulfed in noxious fumes.
The orc warlord appears confused.
The orc warlord hits you with a +0 great mace of protection.
* * * LOW HITPOINT WARNING * * *
The warg bites you!
You die...

##.## ###.##.##
##...###.......#
##..# #.......#
....## #......####
....(###$.....##.##
[.....#.......#...##
..[...).....)†(o...#
...(..........§h..##
..).#.........oo♣c.#
..........$....)..##
...................#
...................#
...#.......#.......#
.#.#........#......#
#.o...............##
.................#
......#.......


You could see an orc warlord (confused), Nessos (confused), a warg, an orc
warrior (confused) and an orc.

Vanquished Creatures
  Snorg (Orc:1)
  An orc sorcerer (Orc:1)
  A cyclops (Orc:1)
  Maggie (D:6)
  A troll (D:9)
  Sigmund (D:4)
  Eustachio (D:4)
  A soldier ant (D:10)
  2 wargs
  A water moccasin (D:7)
  Duvessa (D:5)
  6 ice beasts
  9 orc warriors
  2 sky beasts (D:6)
  A necrophage (D:9)
  2 phantoms
  4 centaurs
  7 ogres
  A crocodile (D:9)
  2 big kobolds (Sewer)
  3 bullfrogs
  Dowan (D:5)
  A wyvern skeleton (D:10)
  2 scorpions
  4 killer bees (D:9)
  A howler monkey (D:6)
  A centaur zombie (D:8)
  2 bullfrog zombies
  5 crimson imps
  2 bullfrog skeletons
  2 jellies
  10 orc priests
  10 hounds
  A gnoll shaman (D:6)
  18 orc wizards
  Crazy Yiuf (D:2)
  2 centaur skeletons
  Natasha (twice) (D:2)
  3 iguanas
  13 worker ants
  2 hound zombies (D:6)
  A hound skeleton (D:9)
  2 howler monkey zombies (D:6)
  A worker ant zombie (D:10)
  15 adders
  4 gnolls (D:6)
  6 river rats (Sewer)
  3 shadow imps
  2 oozes
  3 adder skeletons
  4 worms
  3 dart slugs
  4 leopard geckos
  53 orcs
  6 ball pythons
  7 bats
  6 giant cockroaches
  11 goblins
  9 hobgoblins
  20 jackals
  6 quokkas
  7 frilled lizards
  17 kobolds
  2 leopard gecko zombies
  A quokka skeleton (D:6)
  2 quokka zombies (D:6)
  23 rats
  2 plants (D:2)
352 creatures vanquished.

Vanquished Creatures (collateral kills)
  A two-headed ogre (D:10)
  A sky beast (D:6)
  A killer bee (D:9)
  Natasha (D:2)
  2 jackals (D:4)
6 creatures vanquished.

Vanquished Creatures (others)
  A wizard (D:4)
  An orc wizard (D:7)
  An orc (D:7)
3 creatures vanquished.

Grand Total: 361 creatures vanquished

Notes
Turn   | Place    | Note
-------+----------+-------------------------------------------
     0 | D:1      | Conn the Octopode Wizard began the quest for the Orb.
     0 | D:1      | Reached XP level 1. HP: 11/11 MP: 4/4
    98 | D:1      | Reached XP level 2. HP: 15/17 MP: 6/6
   411 | D:1      | Reached XP level 3. HP: 22/22 MP: 8/8
   587 | D:1      | Reached skill level 3 in Stealth
  1081 | D:2      | Reached skill level 1 in Fighting
  1357 | D:2      | Learned a level 2 spell: Blink
  1360 | D:2      | Learned a level 2 spell: Call Imp
  1364 | D:2      | Learned a level 3 spell: Conjure Flame
  1397 | D:2      | Reached XP level 4. HP: 17/28 MP: 5/9
  1523 | D:2      | Reached skill level 1 in Short Blades
  1676 | D:2      | Found a glowing golden altar of the Shining One.
  1681 | D:2      | Noticed Natasha
  1687 | D:2      | Killed Natasha
  1693 | D:2      | Noticed Natasha
  1734 | D:2      | Killed Natasha
  1734 | D:2      | Reached XP level 5. HP: 13/33 MP: 10/10
  2031 | D:2      | Found a runed translucent door.
  2032 | D:2      | Noticed Crazy Yiuf
  2038 | D:2      | Learned a level 3 spell: Mephitic Cloud
  2122 | D:2      | Killed Crazy Yiuf
  2357 | D:2      | Noticed Natasha
  2364 | D:2      | Killed Natasha
  2376 | D:2      | Found a faded altar of an unknown god.
  2569 | D:3      | Reached skill level 4 in Stealth
  2730 | D:3      | Found a burning altar of Makhleb.
  2894 | D:3      | Found a sparkling altar of Nemelex Xobeh.
  2938 | D:3      | Found a snail-covered altar of Cheibriados.
  2946 | D:3      | Reached XP level 6. HP: 39/39 MP: 11/11
  3057 | D:3      | Found a glowing drain.
  3066 | Sewer    | Entered a sewer
  3642 | Sewer    | Reached skill level 5 in Stealth
  3642 | Sewer    | Reached XP level 7. HP: 42/45 MP: 13/13
  4368 | D:4      | Noticed Sigmund
  4372 | D:4      | Noticed Eustachio
  4399 | D:4      | Killed Eustachio
  4400 | D:4      | Killed Sigmund
  4400 | D:4      | Reached XP level 8. HP: 45/52 MP: 3/14
  4437 | D:4      | Reached skill level 6 in Stealth
  4441 | D:4      | Reached skill level 1 in Air Magic
  5061 | D:4      | Found Qoussiolo's Distillery.
  5064 | D:4      | Bought a potion of heal wounds for 60 gold pieces
  5064 | D:4      | Bought a potion of lignification for 36 gold pieces
  5094 | D:4      | Found a bloodstained altar of Trog.
  5095 | D:4      | Noticed a wizard
  5102 | D:4      | Killed a wizard
  5278 | D:5      | Entered Level 5 of the Dungeon
  5291 | D:5      | You fall into a shaft and drop 2 floors!
  5724 | D:6      | Found a radiant altar of Vehumet.
  5742 | D:6      | Reached XP level 9. HP: 59/59 MP: 16/16
  5754 | D:6      | Reached skill level 5 in Spellcasting
  5754 | D:6      | Reached skill level 1 in Poison Magic
  5772 | D:6      | Reached skill level 7 in Stealth
  5829 | D:6      | Learned a level 1 spell: Summon Small Mammal
  5840 | D:6      | Noticed Maggie
  5853 | D:6      | Killed Maggie
  5853 | D:6      | Reached skill level 5 in Conjurations
  6295 | D:5      | Reached skill level 5 in Fighting
  6900 | D:5      | Reached skill level 5 in Short Blades
  7166 | D:5      | Noticed Duvessa
  7168 | D:5      | Noticed Dowan
  7180 | D:5      | Killed Dowan
  7199 | D:5      | Killed Duvessa
  7220 | D:5      | Found a shattered altar of Ashenzari.
  7222 | D:5      | Found a shimmering altar of Xom.
  7322 | D:5      | Found an ancient bone altar of Kikubaaqudgha.
  7569 | D:5      | Reached XP level 10. HP: 68/68 MP: 18/18
  8321 | D:6      | Reached skill level 8 in Stealth
  8323 | D:6      | Found a staircase to the Ecumenical Temple.
  8333 | D:6      | Learned a level 3 spell: Inner Flame
  8335 | Temple   | Entered the Ecumenical Temple
  8354 | Temple   | Became a worshipper of Sif Muna the Loreminder
  8413 | D:6      | Reached skill level 5 in Dodging
  8746 | D:6      | Got a slimy quarterstaff
  8747 | D:6      | Identified the +8 quarterstaff of Pikluo {freeze, *Noise
                  | Dex+9} (You found it on level 6 of the Dungeon)
  9289 | D:7      | Found a glowing silver altar of Zin.
  9641 | D:8      | Reached skill level 1 in Staves
  9788 | D:8      | Reached * piety under Sif Muna
 10347 | D:9      | Reached skill level 1 in Fire Magic
 10543 | D:9      | Reached skill level 1 in Invocations
 10690 | D:9      | Reached ** piety under Sif Muna
 11030 | D:10     | Entered Level 10 of the Dungeon
 11368 | D:10     | Found Suotzu's Jewellery Shop.
 11372 | D:10     | Bought an uncursed ring of magical power for 260 gold
                  | pieces
 11537 | D:10     | Noticed a two-headed ogre
 11553 | D:10     | Killed a two-headed ogre
 11553 | D:10     | Reached skill level 5 in Staves
 11553 | D:10     | Reached XP level 11. HP: 40/74 MP: 18/19
 12056 | D:10     | Found a staircase to the Orcish Mines.
 12061 | Orc:1    | Entered Level 1 of the Orcish Mines
 12064 | Orc:1    | Noticed a cyclops
 12077 | Orc:1    | Reached *** piety under Sif Muna
 12403 | Orc:1    | Killed a cyclops
 12418 | Orc:1    | Noticed an orc sorcerer
 12579 | Orc:1    | Killed an orc sorcerer
 12836 | Orc:2    | Entered Level 2 of the Orcish Mines
 12836 | Orc:2    | Noticed a two-headed ogre
 12848 | Orc:2    | Noticed Nessos
 12848 | Orc:2    | Noticed Snorg
 12890 | Orc:1    | Killed Snorg
 13159 | Orc:2    | Noticed an orc warlord
 13192 | Orc:2    | HP: 1/112 [orc warlord/+0 great mace of protection (23)]
 13194 | Orc:2    | Slain by a warg

Levels and vault maps discovered:
D:1:      minmay_arrival_semitransparent, layout_basic, minmay_bisected
D:2:      kennysheep_the_goblin_king, layout_basic, old_standard_altar,
          chequers_ecumenical_altar_lobes, uniq_crazy_yiuf_cottage, uniq_natasha
D:3:      layout_loops_cross, old_standard_altar, kennysheep_slug_shrine,
          lemuel_doored_altar, cheibrodos_sewer_entry_bend, minivault_11
D:4:      layout_rooms, first_ration, serial_shops, nicolae_shop_behind_doors,
          trog_wizard, uniq_sigmund, uniq_eustachio
D:5:      cheibrodos_two_vegetables, layout_basic,
          nicolae_overflow_hidden_temple, kiku_gazebo_pond_becter, uniq_duvessa
D:6:      kennysheep_six_static_rooms, layout_basic, lemuel_crystal_altar,
          minmay_temple_entry_enclosed_plants, serial_undead, serial_undead_f,
          serial_undead_c, serial_undead_a, serial_undead_d, uniq_maggie
D:7:      layout_basic, zin_treasury
D:8:      layout_loops_corners
D:9:      layout_roguey
D:10:     layout_basic, orc_0_dummy, serial_shops, nicolae_shop_trees
Temple:   oiseaux_autumnal_temple
Orc:1:    layout_caves, enter_bailey_7
Orc:2:    grunt_orc_tribal_feast, layout_caves, uniq_nessos, uniq_snorg

Skill      XL: |  1  2  3  4  5  6  7  8  9 10 11 |
---------------+----------------------------------+-----
Stealth        | 3 4 5 6 7 8 |  8.0
Fighting       | 1 2 3 4 5 6 7 |  7.0
Short Blades   | 1 2 3 4 5 |  5.7
Conjurations   | 2 3 4 5 6 7 |  7.3
Spellcasting   | 4 5 6 |  6.0
Dodging        | 3 4 5 |  5.2
Air Magic      | 1 2 |  2.2
Poison Magic   | 1 |  1.6
Staves         | 5 6 |  6.0
Translocations | 2 3 |  3.3
Fire Magic     | 2 3 |  3.3
Invocations    | 2 3 |  3.5
Summonings     | 2 |  2.0
Throwing       | |  0.8

Action                   |  1- 3 |  4- 6 |  7- 9 | 10-12 || total
-------------------------+-------+-------+-------+-------++-------
Melee: Short sword       |    35 |       |       |       ||    35
       Constrict         |    12 |    39 |    61 |    63 ||   175
       Tentacles         |     9 |    41 |    59 |    67 ||   176
       Dagger            |    27 |   243 |   326 |    59 ||   655
       Quarterstaff      |       |       |       |   277 ||   277
Throw: Dart              |       |     4 |     1 |       ||     5
 Cast: Magic Dart        |    18 |    25 |    74 |    26 ||   143
       Call Imp          |       |     3 |     8 |     7 ||    18
       Mephitic Cloud    |       |     1 |    16 |    25 ||    42
       Blink             |       |     1 |     4 |     7 ||    12
       Conjure Flame     |       |     1 |     3 |     2 ||     6
       Summon Small Mamm |       |       |       |     1 ||     1
  Use: Scroll            |     2 |     1 |     1 |    13 ||    17
       Potion            |       |     3 |     3 |    21 ||    27
 Stab: Sleeping          |     8 |    17 |     8 |    14 ||    47
       Confused          |       |     1 |    11 |    12 ||    24
       Distracted        |       |       |       |     3 ||     3
  Eat: Chunk             |     1 |     8 |    11 |    16 ||    36
       Ration            |       |       |     1 |     1 ||     2
Armor: Skin              |    13 |    36 |    63 |   130 ||   242
Dodge: Dodged            |    31 |    93 |   190 |   304 ||   618

Table legend:
 A = Non-vault XP
 B = Vault XP
 C = Vault XP percentage of total XP
 D = Non-vault monster count
 E = Vault monster count
 F = Vault count percentage of total count
                 A         B        C        D         E       F
            +---------+---------+-------+---------+---------+-------
      Total |   10358 |    3167 |  23.4 |     274 |      84 |  23.5
            +---------+---------+-------+---------+---------+-------
        D:1 |      34 |      14 |  29.2 |      19 |       5 |  20.8
        D:2 |     123 |      85 |  40.9 |      16 |       8 |  33.3
        D:3 |     255 |      10 |   3.8 |      31 |       2 |   6.1
        D:4 |     508 |     323 |  38.9 |      21 |       2 |   8.7
        D:5 |    1151 |     370 |  24.3 |      29 |       4 |  12.1
        D:6 |     621 |     888 |  58.8 |      16 |      14 |  46.7
        D:7 |     882 |       0 |   0.0 |      31 |       0 |   0.0
        D:8 |     681 |       0 |   0.0 |      21 |       0 |   0.0
        D:9 |    2102 |       0 |   0.0 |      42 |       0 |   0.0
       D:10 |    1775 |       0 |   0.0 |      27 |       0 |   0.0
      Orc:1 |    1789 |    1117 |  38.4 |      12 |       1 |   7.7
      Orc:2 |     437 |       0 |   0.0 |       9 |       0 |   0.0
      Sewer |       0 |     360 | 100.0 |       0 |      48 | 100.0
            +---------+---------+-------+---------+---------+-------
